 Dungeon Crawl Stone Soup version 0.24-a0-292-g5c6fb1c (webtiles) character file.

Game seed: 8246824524104159658

27 Ds27 the Cudgeler (level 2, 0/22 HPs)
             Began as a Demonspawn Gladiator on May 11, 2019.
             Succumbed to an adder's poison
             ... on level 1 of the Dungeon.
             The game lasted 00:01:52 (1407 turns).

Ds27 the Cudgeler (Demonspawn Gladiator)            Turns: 1407, Time: 00:01:52

Health: 0/22       AC:  3    Str: 14    XL:     2   Next: 93%
Magic:  2/2        EV: 13    Int:  9    God:
Gold:   90         SH:  0    Dex: 14    Spells: 1/1 levels left

rFire    . . .     SeeInvis .   a - +0 flail
rCold    . . .     Gourm    .   (no shield)
rNeg     . . .     Faith    .   b - +0 leather armour
rPois    .         Spirit   .   (helmet restricted)
rElec    .         Reflect  .   (no cloak)
rCorr    .         Harm     .   (no gloves)
MR       .....                  (no boots)
Stlth    +.........             (no amulet)
HPRegen  0.07/turn              (no ring)
MPRegen  0.08/turn              (no ring)

@: lethally poisoned (0 -> -8), very slightly contaminated, invisible (expiring)
A: antennae 1
a: no special abilities


You were on level 1 of the Dungeon.
You were hungry.

You visited 1 branch of the dungeon, and saw 2 of its levels.

You collected 90 gold pieces.

Inventory:

Hand Weapons
 a - a +0 flail (weapon)
 i - a +0 hunting sling
Missiles
 d - 3 throwing nets
 k - 25 stones (quivered)
 n - 46 sling bullets
Armour
 b - a +0 leather armour (worn)
 c - a +0 helmet
Scrolls
 g - a scroll of enchant weapon {unknown}
 h - a scroll of teleportation {unknown}
 l - 4 scrolls of identify {unknown}
 m - a scroll of remove curse {unknown}
 q - a scroll of amnesia {unknown}
Comestibles
 f - 3 rations
 o - 3 chunks of flesh


   Skills:
 + Level 2.3 Fighting
 * Level 3.1 Maces & Flails
 - Level 1.7 Throwing
 + Level 0.9 Armour
 + Level 2.9 Dodging


You had one spell level left.
You didn't know any spells.
Your spell library was empty.

Dungeon Overview and Level Annotations

Branches:
Dungeon (2/15)

Altars:


Innate Abilities, Weirdness & Mutations

You have a pair of small antennae on your head.


Message History

You climb upwards.
* * * LOW HITPOINT WARNING * * *
You feel sick.
There is a stone staircase leading down here.
There is a lethal amount of poison in your body!
There is a lethal amount of poison in your body!
* * * LOW HITPOINT WARNING * * *
You feel sick.
* * * LOW HITPOINT WARNING * * *
You feel sick.
* * * LOW HITPOINT WARNING * * *
You feel sick.
* * * LOW HITPOINT WARNING * * *
You feel sick.
* * * LOW HITPOINT WARNING * * *
You feel sick.
* * * LOW HITPOINT WARNING * * *
You feel sick.
You flicker for a moment.
You die...

#......##.).......#
###########.........#
#......# #.........#
#......####.........#
#......'..'.........'
#####......####.....)...#
#..........# #.........#
#........################
#.......@'...............
#........############...#
#........### #...#
#........#'##########...#
##....###...........#...#
#..................#....
#..................#....
#.....#............#....
#..................#....


There were no monsters in sight!

Vanquished Creatures
  An adder (D:2)
  An ooze (D:1)
  A dart slug (D:1)
  A giant cockroach (D:1)
  3 goblins (D:1)
  2 hobgoblins (D:1)
  A kobold (D:1)
  2 frilled lizards (D:1)
12 creatures vanquished.

Notes
Turn   | Place    | Note
-------+----------+-------------------------------------------
     0 | D:1      | Ds27 the Demonspawn Gladiator began the quest for the Orb.
     0 | D:1      | Reached XP level 1. HP: 16/16 MP: 1/1
   623 | D:1      | Gained mutation: You have a pair of small antennae on your
                  | head. [demonic ancestry]
   623 | D:1      | Reached XP level 2. HP: 13/22 MP: 2/2
   916 | D:1      | Reached skill level 3 in Maces & Flails
  1405 | D:1      | HP: 1/22 [poisoned by an adder]
  1407 | D:1      | Succumbed to an adder's poison

Levels and vault maps discovered:
D:1:      minmay_arrival_glassed_features, layout_basic, minivault_23,
          serial_bayou_pond_e, chequers_serial_rivers_large_b
D:2:      layout_loops_ring, corexii_leaking_fountain, grunt_ashenzari_visionary
          [grunt_ashenzari_visionary_swamp, grunt_ashenzari_visionary_spider]

Skill      XL: |  1  2 |
---------------+-------+-----
Maces & Flails | 3 |  3.1
Fighting       | |  2.3
Throwing       | |  1.7
Armour         | |  0.9
Dodging        | |  2.9

Action                   || total
-------------------------++-------
Melee: Flail             ||    51
Throw: Stone             ||     4
  Use: Potion            ||     4
  Eat: Chunk             ||     1
Armor: Leather armour    ||    13
Dodge: Dodged            ||    24

Table legend:
 A = Non-vault XP
 B = Vault XP
 C = Vault XP percentage of total XP
 D = Non-vault monster count
 E = Vault monster count
 F = Vault count percentage of total count
                 A         B        C        D         E       F
            +---------+---------+-------+---------+---------+-------
      Total |      39 |       0 |   0.0 |      12 |       0 |   0.0
            +---------+---------+-------+---------+---------+-------
        D:1 |      26 |       0 |   0.0 |      11 |       0 |   0.0
        D:2 |      13 |       0 |   0.0 |       1 |       0 |   0.0
            +---------+---------+-------+---------+---------+-------
